 Dungeon Crawl Stone Soup version 0.18.1-50-g88ac8fd (webtiles) character file.

102 Gargoyl the Skirmisher (level 4, -1/35 HPs)
             Began as a Demonspawn Abyssal Knight on Sept 28, 2016.
             Was a Believer of Lugonu.
             Slain by an ice beast (10 damage)
             ... on level 3 of the Dungeon.
             The game lasted 00:03:15 (1622 turns).

Gargoyl the Skirmisher (Demonspawn Abyssal Knight)  Turns: 1622, Time: 00:03:16

Health: -1/35      AC:  7    Str: 11 (13) XL:     4   Next: 49%
Magic:  6/6        EV:  5    Int: 13 (14) God:    Lugonu [**....]
Gold:   156        SH: 10    Dex: 10 (12) Spells: 0 memorised, 3 levels left

rFire  . . .     SeeInvis .     a - +1 hand axe
rCold  . . .     Gourm    .     i - +0 ring mail
rNeg   . . .     Faith    .     n - +0 large shield
rPois  .         Spirit   .     (helmet restricted)
rElec  .         Dismiss  .     (no cloak)
rCorr  .         Reflect  .     e - +1 pair of gloves
SustAt .         Harm     .     (no boots)
MR     .....                    (no amulet)
Stlth  ..........               (no ring)
                                (no ring)

@: flying, very slightly contaminated, hasted, very quick, not resistant to
hostile enchantments, extremely unstealthy
A: horns 1
a: Depart the Abyss, Bend Space, Renounce Religion


You were on level 3 of the Dungeon.
You worshipped Lugonu.
Lugonu was pleased with you.
You were not hungry.

You visited 1 branch of the dungeon, and saw 3 of its levels.
You visited the Abyss 1 time.

You collected 156 gold pieces.

Inventory:

Hand Weapons
 a - a +1 hand axe (weapon)
Armour
 e - a +1 pair of gloves (worn)
 i - a +0 ring mail (worn)
 n - a +0 large shield (worn)
Scrolls
 g - a scroll of enchant armour {unknown}
 j - 2 scrolls of magic mapping {unknown}
 l - a scroll of teleportation {unknown}
 o - a scroll of immolation {unknown}
 p - 3 scrolls of remove curse {unknown}
 q - a scroll of fear {unknown}
Potions
 b - 2 potions of degeneration
 d - a potion of haste
 h - a potion of flight
 k - a potion of magic {unknown}
 m - 3 potions of curing {unknown}
Comestibles
 c - 4 bread rations
 f - a beef jerky


   Skills:
 + Level 3.4 Fighting
 + Level 2.3 Axes
 * Level 2.5 Armour
 + Level 1.9 Dodging
 + Level 0.8 Shields
 * Level 3.2 Invocations


You had 3 spell levels left.
You didn't know any spells.

Dungeon Overview and Level Annotations

Branches:
Dungeon (3/15)

Altars:
Nemelex Xobeh
Pakellas


Innate Abilities, Weirdness & Mutations

You have a pair of small horns on your head.


Message History

You headbutt the ice beast.
The ice beast is lightly wounded.
The ice beast hits you but does no damage.
Unknown command.
Drink which item? (? for menu, Esc to quit)
It was a potion of degeneration.
There was something very wrong with that liquid.
You feel weakened.
You feel dopey.
You feel clumsy. You block the ice beast's attack.
Drink which item? (? for menu, Esc to quit)
It was a potion of haste.
You feel yourself speed up. You block the ice beast's attack.
You are very lightly contaminated with residual magic.
Drink which item? (? for menu, Esc to quit)
It was a potion of flight.
You feel very buoyant.
You fly up into the air.
The ice beast hits you.
* * * LOW HITPOINT WARNING * * *
The ice beast freezes you!
You die...

...........#....
..............# #
..............##.## #
................ .## ..
..............#. ..# .#
........##....# ..#.##.
.#.#.#####....# ......#
.#............###.......
.##########....†@Y......
. ##........#...
#.#####...# #.. .#...?
##.# # ##. .. ... ...


You could see an ice beast.

Vanquished Creatures
  An orc wizard (D:3)
  3 adders (D:2)
  A worm (D:2)
  A giant gecko (D:2)
  3 orcs (D:3)
  4 bats
  3 giant cockroaches
  6 goblins
  4 hobgoblins
  6 kobolds
  A ball python (D:1)
  3 giant newts
  7 rats
43 creatures vanquished.

Notes
Turn   | Place    | Note
--------------------------------------------------------------
     0 | Abyss:1  | Gargoyl the Demonspawn Abyssal Knight began the quest for the Orb.
     0 | Abyss:1  | Reached XP level 1. HP: 18/18 MP: 2/2
    56 | Abyss:1  | Noticed a thrashing horror
    58 | D:1      | Escaped the Abyss
   192 | D:1      | Reached skill level 1 in Dodging
   228 | D:1      | Reached * piety under Lugonu
   228 | D:1      | Gained mutation: You have a pair of small horns on your head. [demonic ancestry]
   228 | D:1      | Reached XP level 2. HP: 24/24 MP: 4/4
   795 | D:2      | Reached XP level 3. HP: 26/29 MP: 5/5
   857 | D:2      | Found an oddly glowing altar of Pakellas.
   948 | D:2      | Found a sparkling altar of Nemelex Xobeh.
  1475 | D:3      | Reached ** piety under Lugonu
  1475 | D:3      | Reached XP level 4. HP: 35/35 MP: 6/6
  1613 | D:3      | Noticed an ice beast
  1622 | D:3      | Slain by an ice beast

Skill      XL: |  1  2  3 |
---------------+----------+-----
Dodging        | 1 |  1.9
Axes           | 2 |  2.3
Armour         | 2 |  2.5
Invocations    | 3 |  3.2
Fighting       | |  3.4
Shields        | |  0.8

Action                   |  1- 3 |  4- 6 || total
-------------------------+-------+-------++-------
Melee: Hand axe          |   122 |    23 ||   145
       Headbutt          |    18 |     3 ||    21
Invok: Depart the Abyss  |     1 |       ||     1
  Use: Potion            |       |     3 ||     3
 Stab: Sleeping          |     1 |       ||     1
  Eat: Chunk             |     1 |     2 ||     3
Armor: Leather armour    |     9 |       ||     9
       Ring mail         |    33 |    12 ||    45
Dodge: Dodged            |    69 |     4 ||    73
Block: Large shield      |    41 |    19 ||    60
